Map: Zen EE

Players

tony

  • Race: Protoss Protoss
  • Spawn Location: 1:00

MrFercho - Winner!

  • Race: Zerg Zerg
  • League: Silver
  • Spawn Location: 7:00

VOD

Have the link to the VOD?

Description

Time

  • Played on: May 19, 2020, 11:43 p.m.
  • Length: 3:46
Show
View Real Time Build Order
Export as new Build Order

tony Protoss 

Build Orders:  

Get SALT Encoding   

  12  0:23  Probe  
  13  0:35  Probe  
  13  0:40  Assimilator  
  14  0:45  Assimilator  
  14  0:48  Probe  
  15  1:18  Pylon  
  15  1:34  Pylon  
  15  1:36  Probe  
  16  2:04  Pylon  
  16  2:09  Nexus  
  16  2:14  Pylon  
  16  2:21  Pylon  
  2  3:08  Forge  
  2  3:14  Gateway  
Show
View Real Time Build Order
Export as new Build Order

MrFercho Zerg - Winner!

Build Orders: Pool Only 

Get SALT Encoding   

  12  0:04  Drone  
  13  0:15  Overlord  
  13  0:18  Drone  
  14  0:37  Drone  
  14  0:38  Drone x2  
  14  0:42  Extractor  
  16  0:51  Spawning Pool  
  16  0:55  Extractor  
  14  1:01  Overlord  
  14  1:39  Zergling x6  
  17  1:45  Metabolic Boost  
  17  1:47  Queen  
  19  2:02  Drone  
  19  2:03  Drone  
  21  3:08  Zergling x2  
  21  3:09  Zergling x10  
Tags
 
League
Silver
Matchup
PvZ
Opening
Pool Only
Replay Pack
MrFercho
Spawn Locations
Cross Positions
Add a new tag
Caveats
  • Supply blocks, unpowered buildings, or Contaminate may cause inaccurate times.
  • Supply counts are checked every 10 seconds.